 Dungeon Crawl Stone Soup version 0.29-a0-323-g050149af67 (webtiles) character file.

Game seed: 17007690359666905617

159 Jortsu the Ruffian (level 5, -4/53 HPs)
             Began as a Troll Fighter on Apr 12, 2022.
             Slain by a gnoll
             ... wielding a +0 flail
              (6 damage)
             ... while paralysed by Ijyb
             ... on level 3 of the Dungeon.
             The game lasted 00:03:25 (1512 turns).

Jortsu the Ruffian (Troll Fighter)                  Turns: 1512, Time: 00:03:27

Health: -4/53      AC:  4    Str: 24    XL:     5   Next: 17%
Magic:  4/4        EV:  1    Int:  4    God:
Gold:   101        SH:  0    Dex: 11    Spells: 4/4 levels left

rFire   . . .      SeeInvis .     - Unarmed
rCold   . . .      Faith    .   b - +0 kite shield
rNeg    . . .      Spirit   .   a - +0 robe
rPois   .          Reflect  .   (helmet restricted)
rElec   .          Harm     .   (no cloak)
rCorr   .          Rampage  .   (gloves unavailable)
Will    .....                   (boots unavailable)
Stlth   +.........              (no amulet)
HPRegen 0.97/turn               (no ring)
MPRegen 0.09/turn               (no ring)

@: paralysed
A: large, unfitting armour, claws 3, regeneration 1, shaggy fur 1, tough skin 1,
hooves 1, high MP 1
a: no special abilities


You were on level 3 of the Dungeon.
You visited 1 branch of the dungeon, and saw 3 of its levels.

You collected 101 gold pieces.

Inventory:

Armour
 a - a +0 robe (worn)
 b - a +0 kite shield (worn)
Jewellery
 d - an amulet of magic regeneration
Scrolls
 e - a scroll of noise
 l - a scroll of teleportation
Potions
 c - 3 potions of might
 f - 2 potions of curing
 g - a potion of attraction
 h - a potion of heal wounds
 i - a potion of magic {unknown}
 k - a potion of flight
 m - a potion of haste {unknown}


   Skills:
 + Level 3.1 Fighting
 + Level 3.1 Dodging
 + Level 2.9 Shields
 + Level 3.6 Unarmed Combat


You had 4 spell levels left.
You didn't know any spells.
Your spell library contained the following spells:

 Spells                   Type           Power      Damage    Failure   Level
 Blink                    Tloc           0%         N/A       91%         2
 Corpse Rot               Necr/Air       0%         N/A       91%         2
 Dispel Undead            Necr           0%         3d6       100%        4
 Manifold Assault         Tloc           0%         N/A       100%        5
 Death Channel            Necr           0%         N/A       100%        6
 Storm Form               Tmut/Air       0%         N/A       100%        7


Dungeon Overview and Level Annotations

Branches:
Dungeon (3/15)

Altars:

Annotations:
D:3 Ijyb


Innate Abilities, Weirdness & Mutations

You are too large for most types of armour.
You have claws for hands.
Your natural rate of healing is unusually fast.
You are covered in fur. (AC +1)
You have tough skin. (AC +1)
You have large cloven feet.
You have an increased reservoir of magic. (+10% MP)


Message History

You barely miss the gnoll. You kick the gnoll.
The gnoll is heavily wounded.
The bat hits you but does no damage. The gnoll barely misses you.
The gnoll hits you but does no damage. The gnoll closely misses you.
The ball python bites you but does no damage.
The gnoll attacks as you move away! The gnoll closely misses you.
You block the bat's attack. You block the gnoll's attack.
The gnoll hits you from afar with a +0 spear.
You block the bat's attack. You block the ball python's attack.
The gnoll attacks as you move away! You block the gnoll's attack.
The bat hits you but does no damage.
The ball python attacks as you move away!
The ball python barely misses you.
The gnoll throws a throwing net.
The throwing net hits you.
You become entangled in the net!
The bat hits you but does no damage.
You see here a throwing net.
You struggle against the net.
The bat hits you but does no damage.
You struggle against the net.
The bat hits you.
The gnoll hits you from afar with a +0 spear. x2
The gnoll hits you with a +0 flail! The goblin barely misses you.
You struggle against the net.
The bat closely misses you.
The gnoll hits you from afar with a +0 spear.
The gnoll closely misses you. The gnoll hits you with a +0 flail.
* * * LOW HITPOINT WARNING * * *
The goblin barely misses you. The bat barely misses you.
You rip the net and break free!
The bat hits you.
* * * LOW HITPOINT WARNING * * *
The gnoll hits you from afar with a +0 spear!
* * * LOW HITPOINT WARNING * * *
The gnoll hits you from afar with a +0 spear.
* * * LOW HITPOINT WARNING * * *
You block the gnoll's attack. The goblin hits you but does no damage.
You claw the gnoll! You kick the gnoll.
The gnoll is almost dead.
You block the bat's attack. The ball python closely misses you.
Ijyb zaps a wand.
You suddenly lose the ability to move!
The gnoll hits you from afar with a +0 spear.
* * * LOW HITPOINT WARNING * * *
The gnoll hits you but does no damage. The gnoll hits you with a +0 flail.
You die...

........'..'###+###+
#>#######..#.......# ......#
#..#.......#
........###'###+###+###
.............#........##..
.##..........#.........#.#
...###...................#.
...# ###..#...#b..........
...## #..#.#...@g...?..#
....# #..#.##.Sggg.....#
..#.####....##....g.....#
......................$.###
..#....##....##...........#
....##..#...................
..#..)†<.##.##..........#.#.
..#...†#.##.....##......# .
..#....#.##.....####..>#..


You could see Ijyb, 3 gnolls, a goblin, a bat and a ball python.

Vanquished Creatures
  Jessica (D:3)
  2 orc wizards (D:2)
  3 gnolls (D:2)
  2 adders (D:2)
  A worm (D:2)
  3 orcs (D:2)
  2 bats
  2 endoplasms
  2 giant cockroaches
  4 goblins
  2 hobgoblins
  8 kobolds
  3 ball pythons
  3 frilled lizards
  7 rats
45 creatures vanquished.

Notes
Turn   | Place    | Note
-------+----------+-------------------------------------------
     0 | D:1      | Jortsu the Troll Fighter began the quest for the Orb.
     0 | D:1      | Reached XP level 1. HP: 22/22 MP: 0/0
   307 | D:1      | Reached XP level 2. HP: 29/29 MP: 1/1
   788 | D:2      | Reached XP level 3. HP: 25/36 MP: 2/2
   837 | D:2      | Reached XP level 4. HP: 44/44 MP: 3/3
  1409 | D:3      | Noticed Jessica
  1413 | D:3      | Killed Jessica
  1414 | D:3      | Reached XP level 5. HP: 48/53 MP: 4/4
  1477 | D:3      | Gained mutation: You have hidden genetic defects. [potion
                  | of mutation]
  1477 | D:3      | Gained mutation: You have large cloven feet. [potion of
                  | mutation]
  1477 | D:3      | Lost mutation: You have hidden genetic defects. [potion of
                  | mutation]
  1478 | D:3      | Lost mutation: You have large cloven feet. [potion of
                  | mutation]
  1478 | D:3      | Gained mutation: You have large cloven feet. [potion of
                  | mutation]
  1478 | D:3      | Gained mutation: You have an increased reservoir of magic.
                  | (+10% MP) [potion of mutation]
  1499 | D:3      | Noticed Ijyb
  1512 | D:3      | Paralysed by Ijyb for 7 turns
  1512 | D:3      | HP: 2/53 [gnoll/+0 spear (2)]
  1512 | D:3      | Slain by a gnoll

Illustrated notes

Levels and vault maps discovered:
D:1:      mainiacjoe_arrival_reflecting_pool, layout_loops_ring,
          glass_columns_a, minmay_unequal
D:2:      layout_loops_ring
D:3:      layout_rooms, mainiacjoe_overflow_24_doors, overflow_temple_1_default,
          nicolae_ecumenical_lake_church, minmay_misc_feat_room, uniq_jessica,
          uniq_ijyb, uniq_crazy_yiuf_cottage

Skill      XL: |  1  2  3  4 |
---------------+-------------+-----
Dodging        | 3 |  3.1
Unarmed Combat | 3 |  3.6
Fighting       | 3 |  3.1
Shields        | |  2.9

Action                   |  1- 3 |  4- 6 || total
-------------------------+-------+-------++-------
Melee: Unarmed           |    91 |    58 ||   149
       Kick              |       |     3 ||     3
  Use: Scroll            |     5 |     4 ||     9
       Potion            |       |     2 ||     2
 Stab: Sleeping          |       |     1 ||     1
Armor: Robe              |    44 |    36 ||    80
Dodge: Dodged            |    41 |    48 ||    89
Block: Kite shield       |    31 |    38 ||    69

Table legend: (Time is in decaauts)
 A = Elapsed time spent in this place.
 B = Non-inter-level travel time spent in this place.
 C = Inter-level travel time spent in this place.
 D = Time resting spent in this place.
 E = Time spent auto-exploring this place.
 F = Levels seen in this place.
 G = Mean time per level.
                   A        B        C        D        E       F      G
               +--------+--------+--------+--------+--------+-----+--------+
         Total |   1526 |   1503 |     23 |      0 |   1053 |   3 |  508.7 |
       Dungeon |   1526 |   1503 |     23 |      0 |   1053 |   3 |  508.7 |
               +--------+--------+--------+--------+--------+-----+--------+

Top non-repeatable levels by time:
     D:1: 752 daAuts
     D:2: 670 daAuts
     D:3: 103 daAuts
